Map: Ulzaan

Players

Cthulhu - Winner!

  • Race: Zerg Zerg
  • Spawn Location: 1:00

Throwfordays - Winner!

  • Race: Protoss Protoss
  • League: Silver
  • Spawn Location: 3:00

RacoonAtir

  • Race: Terran Terran
  • League: Platinum
  • Spawn Location: 11:00

aldo

  • Race: Zerg Zerg
  • Spawn Location: 9:00

VOD

Have the link to the VOD?

Description

Time

  • Played on: March 17, 2019, 9:30 p.m.
  • Length: 7:01
Show
View Real Time Build Order
Export as new Build Order

Cthulhu Zerg - Winner!

Build Orders: Hatch First 

Get SALT Encoding   

  12  0:02  Drone  
  13  0:11  Drone  
  14  0:21  Extractor  
  14  0:22  Drone  
  14  0:24  Overlord  
  15  0:48  Drone  
  16  0:50  Extractor  
  15  0:58  Hatchery  
  15  1:00  Drone  
  15  1:01  Drone  
  16  1:10  Drone  
  17  1:16  Extractor  
  16  1:26  Spawning Pool  
  15  1:37  Drone x2  
  15  1:38  Drone  
  18  1:51  Drone  
  19  2:05  Drone  
  20  2:11  Drone  
  21  2:18  Lair  
  21  2:19  Queen  
  23  2:40  Drone  
  23  2:41  Drone x4  
  28  2:56  Overlord  
  28  3:16  Spire  
  27  3:21  Extractor x2, Drone x3  
  27  3:25  Overseer  
  28  3:38  Drone x3  
  31  4:04  Drone x5  
  31  4:05  Overlord  
  36  4:28  Mutalisk  
  36  4:29  Mutalisk x3  
  44  4:40  Overlord  
  44  4:41  Overlord  
  44  5:06  Mutalisk  
  44  5:07  Mutalisk x7  
  60  5:45  Overlord x3  
  60  6:02  Hatchery  
  60  6:03  Queen  
  61  6:11  Mutalisk x7  
  73  6:30  Mutalisk  
Show
View Real Time Build Order
Export as new Build Order

Throwfordays Protoss - Winner!

Build Orders:  

Get SALT Encoding   

  1  0:00  Probe  
  12  0:06  Probe  
  14  0:15  Probe  
  15  0:34  Pylon  
  15  0:38  Assimilator  
  15  0:42  Assimilator  
  15  0:52  Probe  
  15  0:56  Gateway  
  16  1:07  Forge  
  16  1:08  Probe  
  17  1:16  Gateway  
  17  1:24  Probe  
  18  1:36  Probe  
  18  1:37  Gateway  
  19  1:44  Pylon  
  19  1:48  Probe  
  20  1:56  Photon Cannon  
  20  2:02  Photon Cannon  
  20  2:11  Probe  
  21  2:23  Cybernetics Core, Probe  
  22  2:34  Photon Cannon  
  22  2:35  Probe  
  23  2:44  Photon Cannon  
  23  2:56  Photon Cannon  
  23  3:01  Shield Battery  
  23  3:08  Shield Battery  
  23  3:12  Warp Gate  
  23  3:16  Shield Battery  
  23  3:28  Pylon  
  23  3:43  Protoss Shields Level 1  
  23  3:47  Shield Battery  
  23  3:51  Shield Battery  
  23  3:54  Shield Battery  
  23  4:09  Pylon  
  23  4:25  Robotics Facility  
  23  5:20  Robotics Bay, Warp Prism  
  25  6:14  Shield Battery  
  25  6:16  Shield Battery  
  25  6:17  Shield Battery  
  25  6:25  Twilight Council  
Show
View Real Time Build Order
Export as new Build Order

RacoonAtir Terran 

Build Orders:  

Get SALT Encoding   

  12  0:05  SCV  
  13  0:17  SCV  
  14  0:25  Supply Depot  
  14  0:29  SCV  
  15  0:46  SCV  
  15  0:47  Barracks  
  16  1:02  Barracks  
  16  1:05  SCV  
  17  1:20  Barracks  
  17  1:24  SCV  
  18  1:33  Supply Depot  
  18  1:36  SCV  
  19  1:40  Marine  
  20  1:51  Marine  
  20  1:53  SCV  
  22  2:01  Supply Depot  
  22  2:05  Marine, SCV  
  24  2:09  Marine  
  24  2:11  Marine  
  26  2:23  Marine  
  26  2:39  Bunker  
  26  2:40  SCV  
  26  2:41  Bunker  
  27  2:45  Refinery  
  27  2:49  Refinery  
  27  2:52  SCV  
  27  2:53  Marine x2  
  27  2:57  Marine  
  31  3:04  SCV  
  31  3:15  Marine x3  
  34  3:28  Orbital Command  
  34  3:33  Marine x3  
  37  3:43  Factory  
  37  4:00  SCV  
  38  4:09  Command Center  
  38  4:16  Barracks Tech Lab  
  38  4:20  Barracks Tech Lab  
  38  4:21  SCV  
  39  4:28  Factory Tech Lab  
  39  4:32  Starport  
  39  4:44  Combat Shield  
  39  4:58  Supply Depot  
  39  5:19  Marine x2, Bunker  
  39  5:20  Siege Tank  
  39  5:21  Stimpack  
  41  5:32  Orbital Command  
  35  6:25  Engineering Bay  
Show
View Real Time Build Order
Export as new Build Order

aldo Zerg 

Build Orders: Pool First 

Get SALT Encoding   

  12  0:03  Drone  
  13  0:24  Spawning Pool  
  13  0:26  Drone  
  13  0:31  Extractor  
  13  0:34  Drone  
  13  0:38  Drone  
  14  0:50  Evolution Chamber  
  14  0:54  Overlord  
  13  0:59  Drone  
  14  1:15  Queen  
  16  1:23  Drone  
  17  1:31  Drone  
  18  1:35  Zergling x2  
  19  1:42  Metabolic Boost  
  19  1:47  Drone  
  19  1:50  Drone  
  21  1:58  Zergling x2  
  22  2:10  Overlord  
  22  2:21  Zerg Melee Weapons Level 1  
  22  2:46  Zergling x2  
  22  2:47  Zergling x6  
  26  3:31  Roach Warren  
  26  3:32  Drone x2  
  26  3:33  Drone x3  
  30  3:43  Lair  
  30  3:48  Hatchery  
  30  3:51  Extractor  
  30  3:55  Zergling x4  
  30  4:15  Zerg Ground Armor Level 1  
  30  4:18  Overlord  
  30  4:20  Overlord  
  30  4:21  Overlord  
  30  4:42  Roach x2  
  34  4:47  Glial Reconstitution  
  34  4:54  Evolution Chamber  
  34  4:55  Drone  
  34  4:56  Drone x2  
  36  5:04  Burrow  
  36  5:13  Drone  
  37  5:30  Spore Crawler  
  37  5:31  Spore Crawler  
  37  5:32  Spore Crawler  
  33  5:48  Drone x3  
  32  6:24  Queen  
Tags
 
Add a new tag
Caveats
  • Supply blocks, unpowered buildings, or Contaminate may cause inaccurate times.
  • Supply counts are checked every 10 seconds.